[Event "Late-Titled-Tuesday-Blitz-April-30-2024"]
[Site "Chess.com"]
[Date "2024.04.30"]
[Round "6"]
[White "ViIIagra"]
[Black "Jakhongir-Vakhidov"]
[Result "0-1"]
[WhiteElo "2879"]
[BlackElo "2750"]
[TimeControl "180+1"]
[EndTime "15:05:05 PDT"]
[Termination "Jakhongir-Vakhidov won by resignation"]

1. g3 g6 2. Bg2 Bg7 3. e4 c5 4. f4 Nc6 5. d3 d6 6. Nf3 e5 7. O-O Nge7 8. Nc3 Nd4 9. Be3 Bg4 10.
Qd2 Qd7 11. Bxd4 exd4 12. Ne2 O-O 13. Rae1 Rae8 14. Kh1 Kh8 15. Neg1 f5 16. h3 fxe4 17. dxe4 Be6 18. b3 d5 19. e5 Nf5 20. Kh2 Ne3 21. Rxe3 dxe3 22. Qxe3 d4 23. Qd2 Bh6 24. h4 Bd5 25. c4 Bc6 26. Ne1 Rxe5 27. Qa5 b6 28.
Bxc6 Qxc6 29. Qxa7 Ra8 30. Qf7 Rxa2+ 0-1

[Event "Late-Titled-Tuesday-Blitz-April-30-2024"]
[Site "Chess.com"]
[Date "2024.04.30"]
[Round "6"]
[White "scandalgod"]
[Black "FREZZY23"]
[Result "1-0"]
[WhiteElo "2492"]
[BlackElo "2362"]
[TimeControl "180+1"]
[EndTime "15:05:05 PDT"]
[Termination "scandalgod won by resignation"]

1. d4 Nf6 2. c4 g6 3. Nc3 Bg7 4. e4 d6 5. f4 O-O 6. Nf3 c5 7. d5 e6 8. Be2 exd5 9. cxd5 Re8 10. e5 dxe5 11. fxe5 Ng4 12. Bg5 Qb6 13. O-O Nxe5 14. d6 Nbc6 15. Nd5 Qxb2 16. Rb1 Nxf3+ 17.
Bxf3 Qd4+ 18. Kh1 Qxd1 19. Rfxd1 Re5 20. Bh4 Bf5 21. Rxb7 Nd4 22. d7 Nxf3 23. gxf3 g5 24. Ne7+ Rxe7 25. d8=Q+ Rxd8 26. Rxd8+ Bf8 27. Rxe7 Kg7 28.
Bxg5 Bxe7 29. Bxe7 c4 30. Bb4 Be6 31. Bc3+ Kg6 32. Kg2 Kf5 33. Kg3 h5 34. Ra8 h4+ 35.
Kxh4 Kf4 36. Rxa7 Kxf3 37. Kg5 f5 38. h4 Ke4 39. h5 f4 40. Re7 1-0

[Event "Late-Titled-Tuesday-Blitz-April-30-2024"]
[Site "Chess.com"]
[Date "2024.04.30"]
[Round "6"]
[White "Hikaru"]
[Black "CarrotsandPizza"]
[Result "1-0"]
[WhiteElo "3200"]
[BlackElo "2596"]
[TimeControl "180+1"]
[EndTime "15:05:07 PDT"]
[Termination "Hikaru won by checkmate"]

1. h4 e5 2. c4 Nf6 3. g3 c6 4.
Nf3 e4 5. Nd4 Ng4 6. e3 Ne5 7.
f4 exf3 8. Nxf3 Bd6 9. Nxe5 Bxe5 10. Qf3 Qc7 11. Rg1 O-O 12. d4 Bf6 13. Nc3 Re8 14. Be2 a6 15. Bd2 b5 16. Ne4 Be7 17. Rf1 Rf8 18.
c5 d5 19. cxd6 Bxd6 20. Nxd6 Qxd6 21. Qf4 Qe7 22. Rc1 Bb7 23. Bd3 Nd7 24. Qe4 Qxe4 25.
Bxe4 Rac8 26. Bf5 Nf6 27. Bxc8 Rxc8 28. Rf4 Re8 29. Ke2 Nd5 30. Rff1 f6 31. Kd3 Rd8 32.
e4 Ne7 33. Bb4 Nc8 34. Bc5 Rd7 35. e5 Rf7 36. exf6 gxf6 37. Rce1 Rc7 38. Re8+ Kf7 39. Rf8+ Kg7 40. R1xf6 a5 41. h5 Rd7 42. h6# 1-0

[Event "Late-Titled-Tuesday-Blitz-April-30-2024"]
[Site "Chess.com"]
[Date "2024.04.30"]
[Round "6"]
[White "Fradi82"]
[Black "vanyakuba"]
[Result "0-1"]
[WhiteElo "2192"]
[BlackElo "2405"]
[TimeControl "180+1"]
[EndTime "15:05:09 PDT"]
[Termination "vanyakuba won by checkmate"]

1. e4 g6 2. d4 Bg7 3. c4 d6 4. Nc3 Nd7 5. Be3 a6 6. f3 c5 7. Nge2 cxd4 8. Nxd4 Ngf6 9. Qd2 O-O 10. Be2 a5 11. g4 a4 12. h4 h5 13. gxh5 Nxh5 14. Rg1 a3 15. b3 Nc5 16. f4 e5 17. Ndb5 Qxh4+ 18. Kd1 exf4 19. Bd4 Be5 20. Kc2 Ng3 21. Bxe5 dxe5 22. Nd5 Ncxe4 23. Qb4 Bf5 24. Bd3 Qh2+ 25. Kd1 Qxg1+ 26. Kc2 Qf2+ 27. Kd1 Qf3+ 28. Kc2 Qg2+ 29.
Kd1 Nf2+ 30. Kc2 Bxd3+ 31. Kc3 Nge4# 0-1

[Event "Late-Titled-Tuesday-Blitz-April-30-2024"]
[Site "Chess.com"]
[Date "2024.04.30"]
[Round "6"]
[White "kylelancman"]
[Black "dasatcu90"]
[Result "1-0"]
[WhiteElo "2511"]
[BlackElo "2230"]
[TimeControl "180+1"]
[EndTime "15:05:12 PDT"]
[Termination "kylelancman won by resignation"]

1. e4 c6 2. Nf3 d5 3. Nc3 Bg4 4. h3 Bxf3 5. Qxf3 e6 6. Be2 Nf6 7.
O-O Nbd7 8. d4 dxe4 9. Nxe4 Nxe4 10. Qxe4 Bd6 11. c4 O-O 12. Bd3 Nf6 13. Qh4 Re8 14. Bg5 h6 15. Bxf6 Qxf6 16. Qxf6 gxf6 17.
Rad1 Rad8 18. Be4 f5 19. Bf3 Kg7 20. b3 Be7 21. Rd2 Bg5 22. Rdd1 Rd6 23. d5 cxd5 24. cxd5 e5 25. Be2 a6 26. a4 e4 27. Bc4 f4 28.
Rfe1 e3 29. fxe3 fxe3 30. g3 f5 31. h4 Bd8 32. Kg2 a5 33. Kf3 Kf6 34. Rxe3 Rxe3+ 35. Kxe3 Ke5 36. Re1 Kf6 37. Kf4 Bc7 38. Kf3 Bb6 39. Re8 Rd7 40. Re6+ 1-0

[Event "Late-Titled-Tuesday-Blitz-April-30-2024"]
[Site "Chess.com"]
[Date "2024.04.30"]
[Round "6"]
[White "igorknyazev"]
[Black "OIAM03"]
[Result "1-0"]
[WhiteElo "2245"]
[BlackElo "1936"]
[TimeControl "180+1"]
[EndTime "15:05:18 PDT"]
[Termination "igorknyazev won by checkmate"]

1. e4 c5 2. f4 d6 3. Nf3 Nc6 4. Bc4 g6 5. O-O Bg7 6. Ng5 e6 7. d3 d5 8. Bb5 Ne7 9. c3 O-O 10. Qe1 h6 11. Nf3 a6 12. Ba4 b5 13.
Bc2 Bb7 14. Qh4 d4 15. f5 exf5 16. Bxh6 dxc3 17. bxc3 Nc8 18. Ng5 Bf6 19. exf5 Ne5 20. fxg6 Nxg6 21. Qh5 Qd5 22. Ne4 Qxh5 23. Nxf6+ Kh8 24.
Nxh5 Rg8 25. Rxf7 Bxg2 26. Nf6 Nd6 27. Rh7# 1-0

[Event "Late-Titled-Tuesday-Blitz-April-30-2024"]
[Site "Chess.com"]
[Date "2024.04.30"]
[Round "6"]
[White "MarkoPe"]
[Black "youngdinousaur"]
[Result "1-0"]
[WhiteElo "2442"]
[BlackElo "2243"]
[TimeControl "180+1"]
[EndTime "15:05:20 PDT"]
[Termination "MarkoPe won by resignation"]

1. d4 Nf6 2. g3 e6 3. Bg2 d5 4.
Nf3 Be7 5. O-O O-O 6. c4 dxc4 7. Qa4 a6 8. Qxc4 b5 9. Qc2 Bb7 10. Nc3 c5 11. dxc5 Bxc5 12. Rd1 Qb6 13. e4 Nc6 14.
e5 Nb4 15. Qe2 Nfd5 16. Ne4 Be7 17. Bg5 Bxg5 18. Nfxg5 h6 19. Qh5 Rac8 20. Nf6+ Nxf6 21. exf6 Bxg2 22. Kxg2 hxg5 23. Qxg5 Qc6+ 24. Kg1 g6 25. Qh6 1-0

[Event "Late-Titled-Tuesday-Blitz-April-30-2024"]
[Site "Chess.com"]
[Date "2024.04.30"]
[Round "6"]
[White "MuhittinBuker"]
[Black "olakenn"]
[Result "1-0"]
[WhiteElo "2165"]
[BlackElo "1913"]
[TimeControl "180+1"]
[EndTime "15:05:20 PDT"]
[Termination "MuhittinBuker won by checkmate"]

1. d4 Nf6 2. c4 g6 3. Nc3 d5 4. cxd5 Nxd5 5. e4 Nxc3 6. bxc3 Bg7 7. Nf3 c5 8. Bb5+ Bd7 9. Bxd7+ Nxd7 10. O-O O-O 11.
Be3 cxd4 12. cxd4 Nb6 13. Qd3 Rc8 14. Rac1 Qd7 15. h3 Rxc1 16. Rxc1 Rc8 17. Rxc8+ Qxc8 18. d5 h6 19. Bxb6 axb6 20. a4 Qc5 21. g3 Kf8 22. Kg2 Ke8 23. e5 Bf8 24. e6 Qd6 25. Qb5+ Kd8 26. Ne5 Kc8 27. Nxf7 Qc5 28. Qe8+ Kc7 29. Qd8# 1-0

[Event "Late-Titled-Tuesday-Blitz-April-30-2024"]
[Site "Chess.com"]
[Date "2024.04.30"]
[Round "6"]
[White "Mischuk_D"]
[Black "Msb2"]
[Result "1-0"]
[WhiteElo "2819"]
[BlackElo "3020"]
[TimeControl "180+1"]
[EndTime "15:05:23 PDT"]
[Termination "Mischuk_D won by checkmate"]

1. d4 d5 2. c4 e6 3. Nf3 Nf6 4. g3 Nc6 5. Nbd2 Bd6 6. Bg2 O-O 7. O-O a5 8. b3 a4 9. Bb2 a3 10. Bc3 Bb4 11. Qc2 Bxc3 12. Qxc3 Ne4 13. Qe3 f5 14. Rfc1 Qf6 15. cxd5 exd5 16. Ne5 Nxe5 17. dxe5 Qxe5 18. Nxe4 fxe4 19. Qc5 c6 20. e3 Bg4 21. Qd4 Qxd4 22. exd4 Bf3 23. Rc3 Bxg2 24.
Kxg2 Ra6 25. Rb1 Rfa8 26. b4 Kf7 27. Kf1 Ke6 28. Ke2 Kd6 29. f3 exf3+ 30. Rxf3 Rf8 31. Rxf8 Kc7 32. Rf7+ Kb6 33. Rxg7 Ra8 34. Rb3 Re8+ 35. Re3 Rf8 36. Rxa3 Kb5 37. Rxb7+ Kc4 38. Re3 Kxd4 39. Rc7 Ra8 40. Rd3+ Ke5 41. Rd2 Kd6 42. Rxh7 Re8+ 43.
Kd3 Rf8 44. Rh4 Kc7 45. Rf4 Re8 46. h4 Kb6 47. Rh2 Kb5 48. h5 Re2 49. Rxe2 Ka4 50.
b5+ Kxb5 51. Rb2+ Kc5 52. Rc2+ Kb5 53. Rxc6 d4 54. Rxd4 Ka5 55. Rf4 Kb5 56. h6 Ka5 57.
Re6 Kb5 58. h7 Kc5 59. h8=Q Kb5 60. Qe5# 1-0

[Event "Late-Titled-Tuesday-Blitz-April-30-2024"]
[Site "Chess.com"]
[Date "2024.04.30"]
[Round "6"]
[White "Cacriefils1984"]
[Black "dosto07"]
[Result "0-1"]
[WhiteElo "2358"]
[BlackElo "2510"]
[TimeControl "180+1"]
[EndTime "15:05:25 PDT"]
[Termination "dosto07 won by resignation"]

1. e4 e5 2. Nf3 Nc6 3. Bc4 Bc5 4.
b4 Bb6 5. a4 a6 6. Nc3 Nf6 7.
Nd5 d6 8. Nxb6 cxb6 9. d3 Be6 10. b5 Bxc4 11. dxc4 Na5 12. Qd3 Rc8 13. Nd2 Qc7 14.
O-O O-O 15. Ba3 Rfd8 16. Rfd1 Nxc4 17. Nxc4 Qxc4 18. Qxc4 Rxc4 19. Bxd6 Nxe4 20. Bxe5 Rxd1+ 21. Rxd1 f6 22. Rd4 Rxc2 23. Bf4 Nc3 24. Kf1 axb5 25.
axb5 Nxb5 26. Rd8+ Kf7 27. Rd7+ Kg6 28. Rxb7 Nc3 29.
Rxb6 Nd5 30. Rc6 Rxc6 0-1

[Event "Late-Titled-Tuesday-Blitz-April-30-2024"]
[Site "Chess.com"]
[Date "2024.04.30"]
[Round "6"]
[White "Akhayan"]
[Black "albi1999"]
[Result "0-1"]
[WhiteElo "2482"]
[BlackElo "2654"]
[TimeControl "180+1"]
[EndTime "15:05:34 PDT"]
[Termination "albi1999 won by resignation"]

1. e4 c5 2. Nf3 a6 3. c4 Nc6 4. d4 cxd4 5. Nxd4 Nf6 6. Nc3 e5 7.
Nf5 d5 8. cxd5 Bxf5 9. exf5 Nd4 10. Bd3 Be7 11. O-O O-O 12. Be3 Qd7 13. Bxd4 exd4 14. Ne2 Nxd5 15. Nxd4 Nf4 16. Bc4 Rac8 17. Rc1 Rfd8 18.
Bxf7+ Kxf7 19. Qb3+ Qd5 20. Qxd5+ Nxd5 0-1

[Event "Late-Titled-Tuesday-Blitz-April-30-2024"]
[Site "Chess.com"]
[Date "2024.04.30"]
[Round "6"]
[White "MiguelBestard1981"]
[Black "SandwichOSaumon"]
[Result "1-0"]
[WhiteElo "2151"]
[BlackElo "2366"]
[TimeControl "180+1"]
[EndTime "15:05:34 PDT"]
[Termination "MiguelBestard1981 won by resignation"]

1. e4 c5 2. b4 cxb4 3. d4 e6 4.
Nf3 d5 5. e5 Nc6 6. Bd3 Qb6 7.
O-O Bd7 8. Bb2 Nge7 9. a3 Ng6 10. axb4 Nxb4 11. Ba3 Nxd3 12. Qxd3 Bxa3 13. Qxa3 Bb5 14. Re1 Ne7 15. Nc3 Bc4 16. Na4 Qc7 17. Nd2 b5 18.
Nxc4 bxc4 19. Nc5 Nc6 20. c3 O-O 21. Reb1 Rab8 22. Rxb8 Qxb8 23. Qa6 Qc7 24. Rb1 Na5 25. Rb5 Nb3 26. Nxb3 cxb3 27. Rxb3 Rb8 28. Rxb8+ Qxb8 29.
h4 Qb1+ 30. Kh2 Qb8 31. h5 Kf8 32. g4 Qb6 33. Qxb6 axb6 34. Kg3 Ke7 35. Kf3 Kd7 36. Ke3 Kc7 37. Kd3 Kc6 38. Kc2 Kb5 39. Kb3 Ka5 40.
f4 f5 41. exf6 gxf6 42. g5 e5 43. dxe5 fxe5 44. fxe5 Kb5 45. g6 1-0

[Event "Late-Titled-Tuesday-Blitz-April-30-2024"]
[Site "Chess.com"]
[Date "2024.04.30"]
[Round "6"]
[White "Iuckyducky"]
[Black "mightysmasher"]
[Result "0-1"]
[WhiteElo "2242"]
[BlackElo "2538"]
[TimeControl "180+1"]
[EndTime "15:05:35 PDT"]
[Termination "mightysmasher won by resignation"]

1. e4 e6 2. Nc3 d5 3. d4 dxe4 4. Nxe4 Nd7 5. Nf3 Ngf6 6. Nxf6+ Nxf6 7. Bd3 c5 8. O-O cxd4 9. Nxd4 Bc5 10. Nb3 Bd6 11.
Bg5 Bd7 12. h3 Qc7 13. a4 O-O-O 14. a5 h6 15. Be3 Kb8 16. a6 b6 17. Nd4 e5 18.
Nb5 Bxb5 19. Bxb5 e4 20. Qe2 Nd5 21. Ra4 f5 22. Rc4 Qe7 23. Bc6 Nxe3 24. Qxe3 g5 25. Bb7 Bc5 26. Qc3 Rhe8 27. b4 Bd6 28. Rc6 Bc7 29. Qc4 Qe5 30. g3 e3 31. f4 gxf4 32.
Rxh6 fxg3 33. Bg2 e2 34. Re1 Rd1 35. Rxd1 exd1=Q+ 36. Bf1 Qe3+ 0-1

[Event "Late-Titled-Tuesday-Blitz-April-30-2024"]
[Site "Chess.com"]
[Date "2024.04.30"]
[Round "6"]
[White "emeli_chess"]
[Black "GambitGiesbergen"]
[Result "0-1"]
[WhiteElo "2447"]
[BlackElo "2316"]
[TimeControl "180+1"]
[EndTime "15:05:36 PDT"]
[Termination "GambitGiesbergen won by checkmate"]

1. d4 d5 2. c4 Nf6 3. Nc3 c6 4. e3 Bf5 5. Nf3 e6 6. Nh4 Be4 7. f3 Bg6 8. g3 Bd6 9. Bd2 Qc7 10. Nxg6 hxg6 11. f4 g5 12. Qf3 g4 13. Qg2 dxc4 14.
Bxc4 Nd5 15. e4 Nxc3 16. Bxc3 b5 17. Bd3 Nd7 18. h3 Rb8 19. hxg4 Rxh1+ 20. Qxh1 b4 21. Bd2 c5 22. Rc1 Qb6 23. Qh8+ Ke7 24. Qxg7 cxd4 25. Qg5+ Kf8 26. Ke2 Nc5 27. Rh1 Ke8 28. Qf6 Kd7 29. Qxf7+ Kc6 30. Rh7 Nxd3 31. Qd7+ Kc5 32.
Kxd3 Qa6+ 33. Kc2 Qc4+ 34. Kd1 Qf1+ 35. Kc2 d3+ 36. Kb3 Qd1# 0-1

[Event "Late-Titled-Tuesday-Blitz-April-30-2024"]
[Site "Chess.com"]
[Date "2024.04.30"]
[Round "6"]
[White "Alexei_Gubajdullin"]
[Black "ameetghasi100"]
[Result "0-1"]
[WhiteElo "2562"]
[BlackElo "2812"]
[TimeControl "180+1"]
[EndTime "15:05:40 PDT"]
[Termination "ameetghasi100 won by resignation"]

1. Nf3 g6 2. d4 Bg7 3. Bf4 d6 4. e3 h6 5. Be2 Nd7 6. h3 e5 7. Bh2 f5 8. O-O Qe7 9. c4 Ngf6 10. Nc3 O-O 11. b4 a5 12. b5 Kh7 13. Rc1 b6 14. Nd5 Nxd5 15. cxd5 e4 16. Nd2 Nf6 17. Nc4 Bb7 18.
Qa4 Nxd5 19. Qa3 f4 20. Rfe1 fxe3 21. fxe3 Qg5 22. Bf1 Rf7 23. Bxd6 cxd6 24. Nxd6 Rd7 25. Nxb7 Rxb7 26. Rc6 Rd8 27. Qb3 Nxe3 28. Rxe3 Bxd4 29. Rc3 Rf8 30. Be2 Qg3 31. Kh1 Qe1+ 32. Kh2 Be5+ 33. Rg3 Qxe2 34. Qe6 Bxg3+ 35. Rxg3 Rg7 36. Qxb6 Rf1 37.
Re3 Qf2 38. Qd4 Qg1+ 39. Kg3 Rf3+ 40. Rxf3 Qxd4 0-1

[Event "Late-Titled-Tuesday-Blitz-April-30-2024"]
[Site "Chess.com"]
[Date "2024.04.30"]
[Round "6"]
[White "kalxandria"]
[Black "sansanathalia"]
[Result "0-1"]
[WhiteElo "2222"]
[BlackElo "2415"]
[TimeControl "180+1"]
[EndTime "15:05:40 PDT"]
[Termination "sansanathalia won by resignation"]

1. e4 c5 2. Nf3 d6 3. d4 cxd4 4. Nxd4 Nf6 5. Nc3 a6 6. f4 e5 7. Nf3 Nbd7 8. Bc4 Qc7 9. Qe2 Be7 10. Ng5 O-O 11. O-O h6 12. Nxf7 Rxf7 13. Bxf7+ Kxf7 14. Nd5 Nxd5 15. exd5 Nf6 16. fxe5 dxe5 17. c4 b5 18. b3 bxc4 19. bxc4 Rb8 20. Be3 Kg8 21. Kh1 Bg4 22. Qd3 Bd6 23. Bxh6 e4 24. Qe3 Be5 25. Rab1 Rxb1 26.
Rxb1 gxh6 27. Qxh6 Qg7 28. Rb8+ Bxb8 29. Qf4 Bxf4 0-1

[Event "Late-Titled-Tuesday-Blitz-April-30-2024"]
[Site "Chess.com"]
[Date "2024.04.30"]
[Round "6"]
[White "Zhigalko_Sergei"]
[Black "Ditman2007"]
[Result "1-0"]
[WhiteElo "2881"]
[BlackElo "2671"]
[TimeControl "180+1"]
[EndTime "15:05:41 PDT"]
[Termination "Zhigalko_Sergei won by checkmate"]

1. e4 e6 2. d4 d5 3. e5 c5 4. c3 Nc6 5. Nf3 Nge7 6. Na3 Bd7 7. Nc2 Qa5 8. dxc5 Ng6 9. b4 Qc7 10. Be2 Ncxe5 11. Nxe5 Nxe5 12. O-O b6 13. f4 Ng6 14. f5 Ne5 15. fxe6 Bxe6 16. Bb5+ Ke7 17. Be3 f6 18. Nd4 bxc5 19. bxc5 Rd8 20. Bf4 Qxc5 21. Kh1 Rd6 22. Rb1 g6 23. Ba4 Rb6 24. Bxe5 fxe5 25. Nxe6 Kxe6 26. Qg4+ Kd6 27. Qd7# 1-0

[Event "Late-Titled-Tuesday-Blitz-April-30-2024"]
[Site "Chess.com"]
[Date "2024.04.30"]
[Round "6"]
[White "Ajedrez_con_German"]
[Black "Nemsko"]
[Result "1-0"]
[WhiteElo "2633"]
[BlackElo "2456"]
[TimeControl "180+1"]
[EndTime "15:05:44 PDT"]
[Termination "Ajedrez_con_German won by resignation"]

1. a3 c6 2. e3 e6 3. c4 g6 4. Nf3 a6 5. Nc3 Bg7 6. d4 Ne7 7. Be2 d5 8. O-O O-O 9. b3 Nd7 10.
Bb2 b5 11. cxd5 cxd5 12. Rc1 Bb7 13. Ne1 Nb6 14. Nd3 Nf5 15. Nc5 Bc6 16. Na2 Nd6 17.
Nxa6 Rxa6 18. Rxc6 Qd7 19. Nb4 Ndc8 20. Bxb5 Ra5 21. Rxb6 Rxb5 22. Rxb5 Qxb5 23. Qd3 Qd7 24. Rc1 Nd6 25. Qa6 Ne4 26. Nd3 Qe7 27. Nc5 Qh4 28.
Nxe4 Qxe4 29. b4 h5 30. Qe2 h4 31. h3 f5 32. Qc2 f4 33. Qxe4 dxe4 34. exf4 Rxf4 35.
Rc8+ Kh7 36. Rc7 Kh6 37. Bc1 1-0

[Event "Late-Titled-Tuesday-Blitz-April-30-2024"]
[Site "Chess.com"]
[Date "2024.04.30"]
[Round "6"]
[White "Cambek64"]
[Black "egnfanclub"]
[Result "1-0"]
[WhiteElo "2519"]
[BlackElo "2363"]
[TimeControl "180+1"]
[EndTime "15:05:44 PDT"]
[Termination "Cambek64 won by resignation"]

1. e4 e5 2. Nf3 Nc6 3. Bc4 Nf6 4. d3 Bc5 5. c3 d6 6. a4 a5 7. Bg5 h6 8. Bh4 Be6 9. Bxe6 fxe6 10. Qb3 Qd7 11.
Nbd2 O-O 12. O-O g5 13. Bg3 Nh5 14. Nc4 Nf4 15. Bxf4 gxf4 16. Rad1 Kh8 17. d4 exd4 18. cxd4 Bb4 19. d5 exd5 20. Rxd5 Qg7 21. Kh1 Rg8 22. g3 Rae8 23. Qd3 Bc5 24. Rh5 fxg3 25. fxg3 Nb4 26. Qd2 Re6 27. Ng5 Rg6 28. Rf7 Rf8 29. Rxg7 Rf1+ 30. Kg2 Rg1+ 31. Kh3 Kxg7 32. Nf3 Rf1 33.
Nh4 1-0

[Event "Late-Titled-Tuesday-Blitz-April-30-2024"]
[Site "Chess.com"]
[Date "2024.04.30"]
[Round "6"]
[White "VirtualCoach"]
[Black "GolfBeforeChess"]
[Result "0-1"]
[WhiteElo "2062"]
[BlackElo "2318"]
[TimeControl "180+1"]
[EndTime "15:05:44 PDT"]
[Termination "GolfBeforeChess won by resignation"]

1. Nf3 Nf6 2. b3 d5 3. Bb2 Bf5 4. g3 c6 5. Bg2 Nbd7 6. O-O h6 7. d3 e6 8. Re1 Be7 9. Nbd2 O-O 10. e4 dxe4 11. dxe4 Bh7 12. c4 Nc5 13. Ne5 Nd3 14. Nxd3 Qxd3 15. Re3 Qd7 16. Qc2 Rfd8 17. Rd1 Ng4 18.
Ree1 Bf6 19. Bxf6 Nxf6 20. Qb2 Qd4 21. Qxd4 Rxd4 22. e5 Rad8 23. exf6 Rxd2 24. Rxd2 Rxd2 25. a4 gxf6 26. Be4 Bxe4 27. Rxe4 Rb2 28. Re3 a5 29. Rd3 Kf8 30. Kg2 Ke7 31. Rf3 f5 32. Kh3 Kd6 33. Kh4 Kc5 34. Kh5 Kb4 35. Kxh6 Rxb3 36. Rf4 Kxa4 37. h4 Kb4 38. Kg7 a4 39. h5 a3 40.
c5+ Kb5 41. h6 a2 42. h7 a1=Q+ 43. Kg8 Ra3 44. h8=Q Ra8+ 45. Kxf7 Qxh8 0-1

[Event "Late-Titled-Tuesday-Blitz-April-30-2024"]
[Site "Chess.com"]
[Date "2024.04.30"]
[Round "6"]
[White "GoltsevDmitry2000"]
[Black "chessisveryfun1264"]
[Result "1-0"]
[WhiteElo "2820"]
[BlackElo "2622"]
[TimeControl "180+1"]
[EndTime "15:05:46 PDT"]
[Termination "GoltsevDmitry2000 won by resignation"]

1. e4 e6 2. d4 d5 3. exd5 exd5 4. Nf3 Nc6 5. c4 Bg4 6. Nc3 Nf6 7. Be2 dxc4 8. Bxc4 Bd6 9. O-O O-O 10. Bg5 Nxd4 11.
Qxd4 Bxf3 12. Bxf6 gxf6 13. Qh4 Bc6 14. Ne4 Bxe4 15.
Qxe4 Qe7 16. Qxb7 Qe5 17. g3 Rab8 18. Qxa7 Rxb2 19. Rae1 Qf5 20. Qd4 Be5 21. Qe3 Rd8 22. Rd1 Rxd1 23. Rxd1 Rb1 24. Rxb1 Qxb1+ 25. Kg2 Qb7+ 26.
Qf3 Qxf3+ 27. Kxf3 Kf8 28. Ke4 Ke7 29. Kd5 Kd7 30.
Kc5 Ke7 31. a4 f5 32. a5 Bc3 33. a6 Be1 34. f4 Kd7 35. Bxf7 Bf2+ 36. Kd5 Bg1 37.
Be6+ Ke7 38. Bxf5 h5 39. Kc6 Kd8 40. Kb7 1-0

[Event "Late-Titled-Tuesday-Blitz-April-30-2024"]
[Site "Chess.com"]
[Date "2024.04.30"]
[Round "6"]
[White "1g60-1"]
[Black "FMalexhdez"]
[Result "1-0"]
[WhiteElo "2436"]
[BlackElo "2245"]
[TimeControl "180+1"]
[EndTime "15:05:47 PDT"]
[Termination "1g60-1 won on time"]

1. e4 c5 2. Nf3 d6 3. d4 cxd4 4. Nxd4 Nf6 5. Nc3 a6 6. Be3 e5 7.
Nb3 Be6 8. f3 Nbd7 9. Qd2 Rc8 10.
O-O-O b5 11. g4 h6 12. Nd5 Bxd5 13. exd5 Nb6 14. Bxb6 Qxb6 15. Kb1 Be7 16. h4 Nd7 17. Bd3 Nc5 18. Be4 Nxe4 19. fxe4 h5 20. g5 g6 21. Na5 O-O 22. Nc6 Rfe8 23. Rhf1 Bf8 24. Rf2 Rc7 25. Rdf1 Bg7 26. Qd3 a5 27. c4 b4 28. Qc2 a4 29.
Qxa4 Qe3 30. Qc2 b3 31. axb3 Ra8 32. Rf3 Qb6 33. Qf2 Qa6 34. Rxf7 1-0

[Event "Late-Titled-Tuesday-Blitz-April-30-2024"]
[Site "Chess.com"]
[Date "2024.04.30"]
[Round "6"]
[White "mortngabriel"]
[Black "BeautiFullMindChess"]
[Result "1-0"]
[WhiteElo "2504"]
[BlackElo "2242"]
[TimeControl "180+1"]
[EndTime "15:05:50 PDT"]
[Termination "mortngabriel won by resignation"]

1. e4 c5 2. Nf3 d6 3. d4 cxd4 4. Qxd4 Nf6 5. Be2 Nc6 6. Qe3 e6 7. h3 Be7 8. O-O O-O 9. Rd1 Qc7 10. c4 a6 11. Nc3 b6 12. b3 Bb7 13. Ba3 Rfd8 14.
Rac1 Ne5 15. Nxe5 dxe5 16. Bxe7 Qxe7 17. Qxb6 Nxe4 18. Nxe4 Bxe4 19. Qe3 Qh4 20. f3 Bf5 21. Qxe5 h5 22. c5 f6 23. Qc7 Rdc8 24. Qd6 e5 25.
Bc4+ Kh8 26. Be6 Bxe6 27. Qxe6 Rd8 28. c6 Re8 29. Qf5 Qb4 30. c7 h4 31. c8=Q 1-0

[Event "Late-Titled-Tuesday-Blitz-April-30-2024"]
[Site "Chess.com"]
[Date "2024.04.30"]
[Round "6"]
[White "lupta_robin"]
[Black "nochewycandy"]
[Result "0-1"]
[WhiteElo "2596"]
[BlackElo "2815"]
[TimeControl "180+1"]
[EndTime "15:05:51 PDT"]
[Termination "nochewycandy won by resignation"]

1. b3 d5 2. Bb2 Bg4 3. g3 Nc6 4.
Nf3 Bxf3 5. exf3 a6 6. f4 e6 7. Bg2 Nge7 8. d3 h5 9. h4 Nf5 10. Nd2 Bc5 11. Nf3 Qe7 12. Ne5 Nxe5 13. fxe5 O-O-O 14. Qd2 Kb8 15. O-O-O Ba3 16. Qf4 Bxb2+ 17. Kxb2 Qc5 18. d4 Qb6 19. Rd3 g6 20. Rhd1 c5 21.
dxc5 Qxc5 22. Rc3 Qb6 23. Rdd3 Rc8 24. Bf1 d4 25. Rxc8+ Rxc8 26. Rd2 Qc5 27. Bd3 Qc3+ 28. Kb1 Ne7 29. Re2 Nd5 30. Qd2 Qc5 31. Re1 Qa3 32. c4 dxc3 33. Qc2 Nb4 0-1

[Event "Late-Titled-Tuesday-Blitz-April-30-2024"]
[Site "Chess.com"]
[Date "2024.04.30"]
[Round "6"]
[White "TheAlienParty"]
[Black "zano2023"]
[Result "1-0"]
[WhiteElo "2431"]
[BlackElo "2146"]
[TimeControl "180+1"]
[EndTime "15:05:55 PDT"]
[Termination "TheAlienParty won by resignation"]

1. c4 d6 2. d4 Nf6 3. Nc3 Nbd7 4.
g3 e5 5. d5 Be7 6. Bg2 O-O 7.
Nf3 Re8 8. O-O Nf8 9. Nd2 Ng6 10. b4 Bd7 11. Rb1 Qc8 12. e4 Bh3 13. f4 exf4 14. gxf4 Nh4 15. Bxh3 Qxh3 16. Qe2 Ng4 17. Rb3 Ne3 18.
Nd1 Qg4+ 19. Qxg4 Nxg4 20. h3 Nf6 21. Kh2 Nh5 22. Ne3 Bf6 23. Ng4 Bd8 24. Re3 f5 25.
exf5 Rxe3 26. Nxe3 Bf6 27. Ne4 Re8 28. Nxf6+ Nxf6 29. Kg3 b5 30. Kxh4 bxc4 31. Nxc4 Re4 32. Ne3 Rxb4 33.
Kg3 Ra4 34. a3 Ne4+ 35. Kf3 Nc5 36. Rd1 Kf7 37. Bb2 Ra6 38. Rg1 g6 39. fxg6+ hxg6 40. f5 gxf5 41. Rg7+ Kf8 42. Rxc7 Nd3 43. Bg7+ Ke8 44.
Nxf5 Rxa3 45. Kg4 Ra4+ 46. Kg5 Nf2 47. Nxd6+ 1-0

[Event "Late-Titled-Tuesday-Blitz-April-30-2024"]
[Site "Chess.com"]
[Date "2024.04.30"]
[Round "6"]
[White "samidescalona2002"]
[Black "vugarrasulov"]
[Result "0-1"]
[WhiteElo "2781"]
[BlackElo "2964"]
[TimeControl "180+1"]
[EndTime "15:05:56 PDT"]
[Termination "vugarrasulov won by resignation"]

1. d4 Nf6 2. Nf3 d5 3. c4 e6 4. g3 Bb4+ 5. Bd2 Be7 6. Bg2 O-O 7. O-O c6 8. Qc2 Nbd7 9. Bf4 Nh5 10. Bc1 b6 11. e4 Ba6 12. Nbd2 Rc8 13. b3 c5 14. exd5 exd5 15. Qf5 Nhf6 16. Bb2 g6 17. Qh3 cxd4 18. Nxd4 Nc5 19. Rad1 Bb7 20. Qh6 Re8 21. Ba1 Bf8 22. Qg5 Bg7 23. Rfe1 h6 24. Qh4 Rxe1+ 25. Rxe1 Qd6 26. Rd1 Re8 27. cxd5 Bc8 28. Nc4 Qd8 29. Qf4 Nxd5 30. Qd6 Nb4 31. Qxd8 Rxd8 32. a3 Nc2 33. b4 Nxa1 34. bxc5 Rxd4 35.
Rxd4 Bxd4 36. cxb6 axb6 37. Nd6 Be6 38. Nb5 Bc5 39.
Nc3 Bxa3 0-1

[Event "Late-Titled-Tuesday-Blitz-April-30-2024"]
[Site "Chess.com"]
[Date "2024.04.30"]
[Round "6"]
[White "grzechu96"]
[Black "jcibarra"]
[Result "0-1"]
[WhiteElo "2785"]
[BlackElo "3005"]
[TimeControl "180+1"]
[EndTime "15:05:57 PDT"]
[Termination "jcibarra won on time"]

1. e4 c5 2. Nf3 Nc6 3. Bb5 e6 4. O-O Nd4 5. Nxd4 cxd4 6. c3 a6 7. Bd3 Bc5 8. b4 Ba7 9. Bb2 Ne7 10. Na3 d5 11. Nc2 O-O 12. Qe2 Ng6 13. g3 Ne5 14.
exd5 Nxd3 15. Qxd3 Qxd5 16. cxd4 Bd7 17. Ne3 Qf3 18.
d5 e5 19. Rfe1 Rfe8 20. Qe2 Qe4 21. a3 Bb5 22. Qg4 Qd3 23. Nf5 g6 24. Nh6+ Kg7 25. Bxe5+ Rxe5 26. Rxe5 Kxh6 27. Re7 Kg7 28. Qf4 Rf8 29.
Qe5+ Kg8 30. Qf4 Qxd5 31. Re5 Qd4 0-1